2743 views
Uploaded 2019-12-08 00:20:52
Game version 1.32.0.3 / 1.32.0.3.1
33:13 long 4on4 ladder game on (8)TwilightRuins_LV
Saved by BEARAND
2743 views
Uploaded 2019-12-08 00:20:52
Game version 1.32.0.3 / 1.32.0.3.1
33:13 long 4on4 ladder game on (8)TwilightRuins_LV


97 units @ 8.8k
/ 0.6k
465 buildings @ 34k
/ 20.6k
ChuckleMan
(103)
(33:12) : 


x1)
| Lesser Clarity Potion | 2 | 140 |
| Healing Salve | 4 | 400 |
| Tiny Great Hall | 1 | 600 |
| Orb of Lightning | 3 | 1125 |
| Boots of Speed | 3 | 750 |
| Staff of Teleportation | 3 | 450 |
| Periapt of Vitality | 1 | 325 |
| Circlet of Nobility | 2 | 350 |
| Tome of Retraining | 1 | 300 |
| Legion Doom-Horn | 1 | 500 |
| total: | 21 | 4940g |
| Peon | 16 | 1200 | / | 0 |
| Troll Batrider | 5 | 800 | / | 200 |
| Goblin Shredder | 1 | 375 | / | 100 |
| Goblin Sapper | 1 | 215 | / | 100 |
| total: | 23 | 2590g | / | 400w |
| Watch Tower | 70 | 7700 | / | 5600 |
| Altar of Storms | 1 | 180 | / | 50 |
| Orc Burrow | 6 | 960 | / | 240 |
| Voodoo Lounge | 3 | 390 | / | 90 |
| War Mill | 2 | 410 | / | 0 |
| Beastiary | 4 | 580 | / | 560 |
| Stronghold | 1 | 315 | / | 190 |
| Fortress | 1 | 325 | / | 190 |
| total: | 86 | 10220g | / | 6540w |
| 0:03 | Peon |
| 0:03 | Peon |
| 0:08 | Altar of Storms |
| 0:11 | Orc Burrow |
| 0:12 | Peon |
| 0:25 | Peon |
| 0:37 | Peon |
| 0:51 | Voodoo Lounge |
| 1:00 | War Mill |
| 1:17 | Peon |
| 1:21 | Peon |
| 1:35 | Orc Burrow |
| 1:39 | Peon |
| 1:53 | Peon |
| 2:05 | Peon |
| 2:15 | Watch Tower |
| 2:17 | Wind Walk |
| 2:19 | Lesser Clarity Potion |
| 2:19 | Lesser Clarity Potion |
| 2:19 | Healing Salve |
| 2:25 | Peon |
| 2:27 | Peon |
| 2:47 | Watch Tower |
| 3:09 | Peon |
| 3:09 | Peon |
| 3:44 | Watch Tower |
| 4:07 | Stronghold |
| 4:09 | Watch Tower |
| 4:09 | Watch Tower |
| 4:10 | Watch Tower |
| 4:24 | Watch Tower |
| 4:39 | Critical Strike |
| 4:45 | Spiked Barricades |
| 4:47 | Watch Tower |
| 5:07 | Watch Tower |
| 5:45 | Goblin Shredder |
| 6:05 | Watch Tower |
| 6:06 | Watch Tower |
| 6:07 | Watch Tower |
| 6:07 | Watch Tower |
| 6:07 | Watch Tower |
| 6:15 | Watch Tower |
| 6:48 | Fortress |
| 7:07 | Boots of Speed |
| 7:11 | Boots of Speed |
| 7:18 | Staff of Teleportation |
| 7:31 | Watch Tower |
| 7:35 | Reinforced Defenses |
| 8:16 | Orc Burrow |
| 8:32 | Voodoo Lounge |
| 9:15 | Tiny Great Hall |
| 9:16 | Orb of Lightning |
| 9:25 | Watch Tower |
| 9:32 | Watch Tower |
| 9:39 | Healing Salve |
| 9:57 | Peon |
| 9:57 | Peon |
| 10:04 | Wind Walk |
| 10:21 | Watch Tower |
| 10:29 | Watch Tower |
| 11:07 | Watch Tower |
| 11:10 | Beastiary |
| 11:12 | Watch Tower |
| 11:19 | Watch Tower |
| 11:34 | Hex |
| 11:36 | Orb of Lightning |
| 12:13 | Staff of Teleportation |
| 12:14 | Periapt of Vitality |
| 12:15 | Circlet of Nobility |
| 12:58 | Watch Tower |
| 12:59 | Watch Tower |
| 13:02 | Improved Spiked Barricades |
| 13:06 | Beastiary |
| 13:07 | Beastiary |
| 13:08 | Beastiary |
| 13:11 | Orc Burrow |
| 13:12 | Orc Burrow |
| 13:12 | Orc Burrow |
| 13:37 | Watch Tower |
| 13:42 | Orb of Lightning |
| 13:46 | Endurance Aura |
| 14:10 | Boots of Speed |
| 14:15 | Staff of Teleportation |
| 14:31 | Watch Tower |
| 14:32 | Watch Tower |
| 14:37 | Watch Tower |
| 14:38 | Watch Tower |
| 14:40 | Watch Tower |
| 14:47 | Healing Salve |
| 14:49 | Healing Salve |
| 14:59 | Troll Batrider |
| 15:22 | Legion Doom-Horn |
| 15:36 | Troll Batrider |
| 16:05 | Troll Batrider |
| 16:11 | Watch Tower |
| 16:14 | Liquid Fire |
| 16:23 | Watch Tower |
| 16:39 | Steel Ranged Weapons |
| 16:39 | Steel Armor |
| 16:46 | Healing Wave |
| 17:33 | Critical Strike |
| 17:35 | War Stomp |
| 17:39 | Watch Tower |
| 17:41 | Watch Tower |
| 20:12 | Watch Tower |
| 20:14 | Watch Tower |
| 20:16 | Healing Wave |
| 21:22 | Endurance Aura |
| 21:59 | Critical Strike |
| 22:03 | Troll Batrider |
| 22:06 | Troll Batrider |
| 22:08 | Watch Tower |
| 22:10 | Watch Tower |
| 22:15 | War Mill |
| 22:41 | Watch Tower |
| 22:42 | Watch Tower |
| 22:42 | Watch Tower |
| 22:43 | Watch Tower |
| 22:43 | Watch Tower |
| 22:44 | Watch Tower |
| 22:45 | Watch Tower |
| 22:45 | Watch Tower |
| 22:48 | Watch Tower |
| 22:49 | Watch Tower |
| 22:50 | Watch Tower |
| 22:50 | Watch Tower |
| 22:51 | Watch Tower |
| 22:52 | Watch Tower |
| 22:53 | Watch Tower |
| 22:53 | Watch Tower |
| 23:28 | Watch Tower |
| 23:29 | Watch Tower |
| 23:30 | Watch Tower |
| 23:31 | Watch Tower |
| 23:32 | Watch Tower |
| 23:40 | Voodoo Lounge |
| 23:58 | Hex |
| 25:04 | Shockwave |
| 25:17 | Tome of Retraining |
| 25:17 | Retrain Hero |
| 25:19 | Shockwave |
| 25:19 | Shockwave |
| 25:20 | Endurance Aura |
| 25:37 | Circlet of Nobility |
| 27:11 | Goblin Sapper |
| 27:45 | Watch Tower |
| 27:45 | Watch Tower |
| 27:46 | Watch Tower |
| 27:46 | Watch Tower |
| 27:47 | Watch Tower |
| 27:47 | Watch Tower |
| 27:49 | Watch Tower |
| 27:49 | Watch Tower |
| 27:50 | Watch Tower |
| 27:51 | Watch Tower |
| 28:03 | Bladestorm |
| 29:28 | Healing Wave |
| 32:07 | Endurance Aura |
| Right click | 1432 |
| Select group | 429 |
| Select | 278 |
| Use ability | 259 |
| Build/train/purchase | 138 |
| Misc. action | 116 |
| Chat | 104 |
| Resource trade | 34 |
| Assign group | 32 |
| Item give/drop | 17 |
| Esc | 2 |



x1)
| Lesser Clarity Potion | 1 | 70 |
| Staff of Sanctuary | 3 | 750 |
| Boots of Speed | 3 | 750 |
| Staff of Teleportation | 3 | 450 |
| Tome of Retraining | 1 | 300 |
| Healing Salve | 4 | 400 |
| total: | 15 | 2720g |
| Peasant | 20 | 1500 | / | 0 |
| Priest | 1 | 135 | / | 10 |
| total: | 21 | 1635g | / | 10w |
| Scout Tower | 73 | 2190 | / | 1460 |
| Arcane Tower | 4 | 280 | / | 200 |
| Guard Tower | 36 | 2520 | / | 1800 |
| Altar of Kings | 1 | 180 | / | 50 |
| Farm | 5 | 400 | / | 100 |
| Lumber Mill | 1 | 120 | / | 0 |
| Arcane Vault | 4 | 520 | / | 120 |
| Town Hall | 1 | 385 | / | 205 |
| Arcane Sanctum | 1 | 150 | / | 140 |
| Keep | 1 | 320 | / | 210 |
| Castle | 1 | 360 | / | 210 |
| total: | 86 | 3945g | / | 2075w |
| 0:03 | Peasant |
| 0:03 | Peasant |
| 0:13 | Altar of Kings |
| 0:19 | Farm |
| 0:23 | Peasant |
| 0:44 | Peasant |
| 0:47 | Peasant |
| 0:48 | Farm |
| 1:07 | Lumber Mill |
| 1:25 | Peasant |
| 1:28 | Peasant |
| 1:38 | Scout Tower |
| 1:43 | Peasant |
| 1:52 | Peasant |
| 1:55 | Peasant |
| 2:00 | Scout Tower |
| 2:10 | Arcane Tower |
| 2:13 | Summon Water Elemental |
| 2:24 | Scout Tower |
| 2:25 | Scout Tower |
| 2:33 | Guard Tower |
| 2:33 | Scout Tower |
| 2:40 | Scout Tower |
| 2:41 | Peasant |
| 2:41 | Peasant |
| 2:41 | Peasant |
| 2:42 | Peasant |
| 3:00 | Guard Tower |
| 3:02 | Scout Tower |
| 3:04 | Guard Tower |
| 3:06 | Scout Tower |
| 3:09 | Improved Masonry |
| 3:26 | Guard Tower |
| 3:27 | Scout Tower |
| 3:29 | Guard Tower |
| 4:06 | Guard Tower |
| 4:07 | Scout Tower |
| 4:09 | Scout Tower |
| 4:09 | Scout Tower |
| 4:38 | Guard Tower |
| 4:42 | Scout Tower |
| 4:42 | Scout Tower |
| 4:43 | Scout Tower |
| 4:43 | Guard Tower |
| 4:45 | Peasant |
| 4:55 | Keep |
| 5:03 | Scout Tower |
| 5:09 | Scout Tower |
| 5:17 | Boots of Speed |
| 5:17 | Staff of Teleportation |
| 5:24 | Arcane Tower |
| 5:26 | Guard Tower |
| 5:42 | Guard Tower |
| 5:43 | Scout Tower |
| 5:53 | Farm |
| 5:54 | Guard Tower |
| 6:06 | Guard Tower |
| 6:08 | Scout Tower |
| 6:09 | Scout Tower |
| 6:11 | Brilliance Aura |
| 6:21 | Farm |
| 6:28 | Guard Tower |
| 6:28 | Scout Tower |
| 6:29 | Scout Tower |
| 6:29 | Scout Tower |
| 6:34 | Scout Tower |
| 7:12 | Guard Tower |
| 7:12 | Scout Tower |
| 7:13 | Scout Tower |
| 7:49 | Guard Tower |
| 8:13 | Guard Tower |
| 8:17 | Scout Tower |
| 8:17 | Scout Tower |
| 8:18 | Scout Tower |
| 8:19 | Scout Tower |
| 8:42 | Peasant |
| 8:43 | Peasant |
| 8:43 | Peasant |
| 8:50 | Storm Bolt |
| 8:59 | Arcane Tower |
| 9:01 | Advanced Masonry |
| 9:09 | Guard Tower |
| 9:10 | Scout Tower |
| 9:21 | Guard Tower |
| 9:24 | Guard Tower |
| 9:37 | Lesser Clarity Potion |
| 9:41 | Healing Salve |
| 9:51 | Scout Tower |
| 9:51 | Scout Tower |
| 11:02 | Guard Tower |
| 11:29 | Castle |
| 11:31 | Improved Lumber Harvesting |
| 11:32 | Guard Tower |
| 11:36 | Scout Tower |
| 11:36 | Scout Tower |
| 11:36 | Scout Tower |
| 11:37 | Scout Tower |
| 11:37 | Scout Tower |
| 11:38 | Scout Tower |
| 11:40 | Summon Water Elemental |
| 11:47 | Guard Tower |
| 11:48 | Scout Tower |
| 11:49 | Scout Tower |
| 11:49 | Scout Tower |
| 11:50 | Scout Tower |
| 11:50 | Scout Tower |
| 12:37 | Farm |
| 12:56 | Guard Tower |
| 12:58 | Guard Tower |
| 13:04 | Healing Salve |
| 13:04 | Healing Salve |
| 13:35 | Tome of Retraining |
| 13:35 | Retrain Hero |
| 14:10 | Bash |
| 14:30 | Guard Tower |
| 14:39 | Imbued Masonry |
| 14:48 | Guard Tower |
| 15:04 | Scout Tower |
| 15:05 | Scout Tower |
| 15:06 | Guard Tower |
| 15:12 | Blizzard |
| 15:12 | Brilliance Aura |
| 15:12 | Blizzard |
| 15:19 | Scout Tower |
| 15:21 | Scout Tower |
| 15:23 | Holy Light |
| 15:28 | Healing Salve |
| 15:33 | Arcane Vault |
| 16:01 | Arcane Sanctum |
| 16:06 | Guard Tower |
| 16:27 | Town Hall |
| 16:32 | Scout Tower |
| 16:34 | Scout Tower |
| 16:34 | Scout Tower |
| 16:54 | Boots of Speed |
| 16:54 | Staff of Teleportation |
| 17:44 | Scout Tower |
| 17:44 | Scout Tower |
| 17:44 | Scout Tower |
| 17:45 | Scout Tower |
| 17:45 | Scout Tower |
| 17:46 | Scout Tower |
| 17:46 | Scout Tower |
| 17:47 | Scout Tower |
| 17:47 | Scout Tower |
| 17:49 | Scout Tower |
| 18:21 | Guard Tower |
| 18:23 | Scout Tower |
| 18:23 | Scout Tower |
| 18:24 | Scout Tower |
| 18:25 | Scout Tower |
| 18:27 | Magic Sentry |
| 18:29 | Scout Tower |
| 18:29 | Scout Tower |
| 18:30 | Scout Tower |
| 18:30 | Scout Tower |
| 18:31 | Scout Tower |
| 18:31 | Scout Tower |
| 18:32 | Scout Tower |
| 18:32 | Scout Tower |
| 18:51 | Staff of Teleportation |
| 19:22 | Guard Tower |
| 19:37 | Arcane Tower |
| 19:38 | Guard Tower |
| 19:41 | Guard Tower |
| 20:16 | Brilliance Aura |
| 20:33 | Storm Bolt |
| 20:45 | Divine Shield |
| 21:01 | Guard Tower |
| 21:07 | Arcane Vault |
| 21:08 | Arcane Vault |
| 22:12 | Arcane Vault |
| 22:22 | Staff of Sanctuary |
| 22:26 | Staff of Sanctuary |
| 22:31 | Guard Tower |
| 22:33 | Priest |
| 22:35 | Priest Adept Training |
| 22:35 | Sorceress Adept Training |
| 22:47 | Guard Tower |
| 22:48 | Peasant |
| 22:48 | Peasant |
| 23:09 | Boots of Speed |
| 23:40 | Staff of Sanctuary |
| 29:46 | Brilliance Aura |
| 30:08 | Bash |
| Right click | 2059 |
| Select | 590 |
| Select group | 461 |
| Chat | 447 |
| Build/train/purchase | 221 |
| Use ability | 220 |
| Misc. action | 26 |
| Assign group | 25 |
| Resource trade | 5 |
| Minimap ping | 4 |
| Item give/drop | 3 |
| Remove unit | 1 |



x1)
| Lesser Clarity Potion | 1 | 70 |
| Mechanical Critter | 1 | 50 |
| Scroll of Regeneration | 1 | 100 |
| Staff of Sanctuary | 1 | 250 |
| Staff of Teleportation | 3 | 450 |
| Boots of Speed | 3 | 750 |
| Periapt of Vitality | 1 | 325 |
| Tome of Retraining | 1 | 300 |
| Orb of Lightning | 1 | 375 |
| Medallion of Courage | 1 | 500 |
| Pendant of Energy | 1 | 300 |
| Ring of Regeneration | 1 | 300 |
| total: | 16 | 3770g |
| Peasant | 29 | 2175 | / | 0 |
| Sorceress | 1 | 155 | / | 20 |
| Priest | 1 | 135 | / | 10 |
| total: | 31 | 2465g | / | 30w |
| Scout Tower | 182 | 5460 | / | 3640 |
| Arcane Tower | 5 | 350 | / | 250 |
| Guard Tower | 59 | 4130 | / | 2950 |
| Altar of Kings | 1 | 180 | / | 50 |
| Farm | 4 | 320 | / | 80 |
| Lumber Mill | 1 | 120 | / | 0 |
| Arcane Vault | 3 | 390 | / | 90 |
| Town Hall | 2 | 770 | / | 410 |
| Arcane Sanctum | 1 | 150 | / | 140 |
| Keep | 1 | 320 | / | 210 |
| Castle | 1 | 360 | / | 210 |
| total: | 194 | 7390g | / | 4410w |
| 0:05 | Altar of Kings |
| 0:10 | Peasant |
| 0:11 | Peasant |
| 0:16 | Peasant |
| 0:19 | Farm |
| 0:32 | Peasant |
| 0:37 | Peasant |
| 0:37 | Peasant |
| 0:52 | Peasant |
| 0:56 | Peasant |
| 1:03 | Scout Tower |
| 1:07 | Peasant |
| 1:11 | Farm |
| 1:26 | Scout Tower |
| 1:34 | Peasant |
| 1:49 | Lumber Mill |
| 1:52 | Arcane Tower |
| 1:58 | Peasant |
| 1:58 | Peasant |
| 2:03 | Arcane Tower |
| 2:07 | Summon Water Elemental |
| 2:21 | Scout Tower |
| 2:23 | Peasant |
| 2:26 | Scout Tower |
| 2:36 | Peasant |
| 2:58 | Guard Tower |
| 3:06 | Peasant |
| 3:18 | Brilliance Aura |
| 3:34 | Peasant |
| 3:45 | Scout Tower |
| 3:49 | Guard Tower |
| 3:52 | Farm |
| 4:05 | Scout Tower |
| 4:21 | Arcane Vault |
| 4:27 | Town Hall |
| 4:42 | Guard Tower |
| 4:45 | Peasant |
| 4:45 | Peasant |
| 5:00 | Improved Masonry |
| 5:13 | Scout Tower |
| 5:30 | Peasant |
| 5:30 | Peasant |
| 5:38 | Keep |
| 5:42 | Guard Tower |
| 6:00 | Staff of Teleportation |
| 6:00 | Boots of Speed |
| 6:03 | Periapt of Vitality |
| 6:07 | Guard Tower |
| 6:08 | Scout Tower |
| 6:12 | Scout Tower |
| 6:13 | Scout Tower |
| 6:17 | Scout Tower |
| 6:19 | Scout Tower |
| 6:23 | Lesser Clarity Potion |
| 6:27 | Mechanical Critter |
| 6:32 | Scroll of Regeneration |
| 6:41 | Guard Tower |
| 6:47 | Scout Tower |
| 6:48 | Guard Tower |
| 6:51 | Scout Tower |
| 6:51 | Scout Tower |
| 6:55 | Guard Tower |
| 7:11 | Scout Tower |
| 7:12 | Scout Tower |
| 7:15 | Scout Tower |
| 7:15 | Scout Tower |
| 7:23 | Guard Tower |
| 7:43 | Summon Water Elemental |
| 7:57 | Peasant |
| 7:57 | Peasant |
| 8:04 | Castle |
| 8:21 | Arcane Tower |
| 8:24 | Arcane Tower |
| 8:28 | Guard Tower |
| 8:30 | Improved Lumber Harvesting |
| 8:33 | Peasant |
| 8:33 | Peasant |
| 8:34 | Arcane Tower |
| 8:43 | Scout Tower |
| 8:46 | Guard Tower |
| 8:50 | Farm |
| 8:51 | Peasant |
| 9:02 | Storm Bolt |
| 9:14 | Guard Tower |
| 9:15 | Scout Tower |
| 9:19 | Scout Tower |
| 9:19 | Scout Tower |
| 9:22 | Scout Tower |
| 9:22 | Scout Tower |
| 9:35 | Boots of Speed |
| 9:56 | Guard Tower |
| 10:01 | Scout Tower |
| 10:03 | Scout Tower |
| 10:03 | Scout Tower |
| 10:11 | Arcane Sanctum |
| 10:14 | Scout Tower |
| 10:14 | Scout Tower |
| 10:15 | Scout Tower |
| 10:16 | Scout Tower |
| 10:17 | Scout Tower |
| 10:17 | Scout Tower |
| 10:19 | Advanced Masonry |
| 10:20 | Guard Tower |
| 10:32 | Scout Tower |
| 10:32 | Scout Tower |
| 10:33 | Scout Tower |
| 10:35 | Scout Tower |
| 10:38 | Guard Tower |
| 10:39 | Scout Tower |
| 10:40 | Scout Tower |
| 10:40 | Scout Tower |
| 10:41 | Scout Tower |
| 10:51 | Arcane Vault |
| 10:51 | Arcane Vault |
| 11:06 | Guard Tower |
| 11:17 | Guard Tower |
| 11:34 | Imbued Masonry |
| 11:36 | Guard Tower |
| 11:44 | Guard Tower |
| 12:19 | Bash |
| 12:55 | Holy Light |
| 13:24 | Scout Tower |
| 13:25 | Scout Tower |
| 13:25 | Scout Tower |
| 13:26 | Scout Tower |
| 13:28 | Magic Sentry |
| 13:36 | Guard Tower |
| 13:38 | Scout Tower |
| 13:38 | Scout Tower |
| 13:39 | Scout Tower |
| 13:39 | Scout Tower |
| 13:39 | Scout Tower |
| 13:40 | Scout Tower |
| 13:42 | Scout Tower |
| 13:42 | Scout Tower |
| 13:43 | Scout Tower |
| 13:44 | Scout Tower |
| 13:45 | Scout Tower |
| 13:45 | Scout Tower |
| 13:46 | Scout Tower |
| 13:48 | Scout Tower |
| 13:49 | Scout Tower |
| 13:49 | Scout Tower |
| 13:50 | Scout Tower |
| 13:53 | Guard Tower |
| 13:54 | Scout Tower |
| 13:55 | Scout Tower |
| 13:56 | Scout Tower |
| 13:56 | Scout Tower |
| 13:57 | Scout Tower |
| 13:57 | Scout Tower |
| 14:00 | Scout Tower |
| 14:01 | Scout Tower |
| 14:02 | Scout Tower |
| 14:02 | Scout Tower |
| 14:03 | Scout Tower |
| 14:03 | Scout Tower |
| 14:03 | Scout Tower |
| 14:04 | Scout Tower |
| 14:04 | Scout Tower |
| 14:06 | Staff of Sanctuary |
| 14:23 | Guard Tower |
| 14:25 | Scout Tower |
| 14:26 | Scout Tower |
| 14:26 | Scout Tower |
| 14:27 | Scout Tower |
| 14:28 | Scout Tower |
| 14:28 | Scout Tower |
| 14:31 | Guard Tower |
| 14:33 | Guard Tower |
| 14:35 | Guard Tower |
| 14:39 | Scout Tower |
| 14:39 | Scout Tower |
| 14:40 | Scout Tower |
| 14:41 | Scout Tower |
| 14:41 | Scout Tower |
| 14:42 | Scout Tower |
| 14:43 | Scout Tower |
| 14:44 | Scout Tower |
| 14:44 | Scout Tower |
| 14:45 | Scout Tower |
| 14:50 | Orb of Lightning |
| 14:56 | Sorceress |
| 14:57 | Priest |
| 14:57 | Priest Adept Training |
| 14:58 | Sorceress Adept Training |
| 15:00 | Guard Tower |
| 15:01 | Guard Tower |
| 15:12 | Medallion of Courage |
| 15:42 | Guard Tower |
| 15:45 | Scout Tower |
| 15:46 | Scout Tower |
| 15:46 | Scout Tower |
| 15:46 | Scout Tower |
| 15:48 | Scout Tower |
| 15:49 | Scout Tower |
| 15:50 | Scout Tower |
| 15:50 | Scout Tower |
| 15:59 | Guard Tower |
| 16:03 | Guard Tower |
| 16:10 | Boots of Speed |
| 16:34 | Guard Tower |
| 16:40 | Guard Tower |
| 16:48 | Staff of Teleportation |
| 16:48 | Tome of Retraining |
| 16:48 | Retrain Hero |
| 16:56 | Blizzard |
| 16:56 | Blizzard |
| 16:56 | Brilliance Aura |
| 17:26 | Brilliance Aura |
| 17:47 | Guard Tower |
| 17:49 | Advanced Lumber Harvesting |
| 18:02 | Guard Tower |
| 18:25 | Storm Bolt |
| 18:35 | Divine Shield |
| 18:48 | Guard Tower |
| 19:02 | Scout Tower |
| 19:03 | Scout Tower |
| 19:03 | Scout Tower |
| 19:07 | Scout Tower |
| 19:07 | Scout Tower |
| 19:08 | Scout Tower |
| 19:08 | Scout Tower |
| 19:12 | Scout Tower |
| 19:12 | Scout Tower |
| 19:13 | Scout Tower |
| 19:13 | Scout Tower |
| 19:14 | Scout Tower |
| 19:14 | Scout Tower |
| 19:15 | Scout Tower |
| 19:16 | Scout Tower |
| 19:16 | Scout Tower |
| 19:17 | Scout Tower |
| 19:17 | Scout Tower |
| 19:18 | Scout Tower |
| 19:26 | Guard Tower |
| 19:32 | Guard Tower |
| 19:44 | Guard Tower |
| 19:46 | Guard Tower |
| 19:47 | Guard Tower |
| 20:00 | Town Hall |
| 20:10 | Guard Tower |
| 20:11 | Guard Tower |
| 20:25 | Guard Tower |
| 20:33 | Scout Tower |
| 20:34 | Scout Tower |
| 20:35 | Scout Tower |
| 20:36 | Scout Tower |
| 20:36 | Scout Tower |
| 20:36 | Scout Tower |
| 20:37 | Scout Tower |
| 20:40 | Guard Tower |
| 20:50 | Guard Tower |
| 20:52 | Guard Tower |
| 20:54 | Scout Tower |
| 20:55 | Scout Tower |
| 20:55 | Scout Tower |
| 20:55 | Scout Tower |
| 20:56 | Scout Tower |
| 20:56 | Scout Tower |
| 20:57 | Scout Tower |
| 20:57 | Scout Tower |
| 21:04 | Scout Tower |
| 21:05 | Scout Tower |
| 21:05 | Scout Tower |
| 21:06 | Scout Tower |
| 21:07 | Scout Tower |
| 21:10 | Staff of Teleportation |
| 21:37 | Guard Tower |
| 21:39 | Scout Tower |
| 21:40 | Scout Tower |
| 21:40 | Scout Tower |
| 21:41 | Scout Tower |
| 21:42 | Scout Tower |
| 21:42 | Scout Tower |
| 21:43 | Scout Tower |
| 21:44 | Scout Tower |
| 21:45 | Scout Tower |
| 21:45 | Scout Tower |
| 21:46 | Scout Tower |
| 21:46 | Scout Tower |
| 21:47 | Scout Tower |
| 21:47 | Scout Tower |
| 21:49 | Scout Tower |
| 21:50 | Scout Tower |
| 21:50 | Scout Tower |
| 21:51 | Scout Tower |
| 21:53 | Scout Tower |
| 21:54 | Scout Tower |
| 21:54 | Scout Tower |
| 21:55 | Scout Tower |
| 21:55 | Scout Tower |
| 21:56 | Scout Tower |
| 21:57 | Scout Tower |
| 22:01 | Peasant |
| 22:01 | Peasant |
| 22:29 | Guard Tower |
| 22:42 | Peasant |
| 22:42 | Peasant |
| 23:02 | Priest Master Training |
| 23:27 | Guard Tower |
| 23:29 | Guard Tower |
| 23:34 | Guard Tower |
| 23:41 | Pendant of Energy |
| 24:02 | Guard Tower |
| 24:18 | Holy Light |
| 24:26 | Guard Tower |
| 24:29 | Guard Tower |
| 24:39 | Blizzard |
| 24:58 | Bash |
| 26:23 | Guard Tower |
| 27:26 | Devotion Aura |
| 29:07 | Ring of Regeneration |
| 30:11 | Storm Bolt |
| 30:24 | Scout Tower |
| 30:25 | Scout Tower |
| 30:27 | Scout Tower |
| 30:27 | Scout Tower |
| 30:28 | Scout Tower |
| 30:28 | Scout Tower |
| 30:32 | Scout Tower |
| 30:32 | Scout Tower |
| 30:32 | Scout Tower |
| 30:33 | Scout Tower |
| 30:34 | Scout Tower |
| 30:34 | Scout Tower |
| 30:34 | Scout Tower |
| 30:35 | Scout Tower |
| 30:36 | Scout Tower |
| 30:36 | Scout Tower |
| 31:51 | Guard Tower |
| 32:05 | Guard Tower |
| 32:07 | Guard Tower |
| 32:19 | Guard Tower |
| Right click | 1771 |
| Select group | 1501 |
| Select | 393 |
| Use ability | 274 |
| Build/train/purchase | 183 |
| Misc. action | 71 |
| Minimap ping | 26 |
| Chat | 24 |
| Item give/drop | 16 |
| Assign group | 9 |
| Esc | 4 |
IcebergSlim
(33:13) : 


| Healing Salve | 3 | 300 |
| Orb of Lightning | 1 | 375 |
| Boots of Speed | 3 | 750 |
| Staff of Teleportation | 3 | 450 |
| Staff of Sanctuary | 3 | 750 |
| Khadgar's Pipe of Insight | 1 | 500 |
| total: | 14 | 3125g |
| Peon | 20 | 1500 | / | 0 |
| Goblin Shredder | 1 | 375 | / | 100 |
| Goblin Zeppelin | 1 | 240 | / | 60 |
| total: | 22 | 2115g | / | 160w |
| Watch Tower | 80 | 8800 | / | 6400 |
| Altar of Storms | 2 | 360 | / | 100 |
| Orc Burrow | 4 | 640 | / | 160 |
| War Mill | 1 | 205 | / | 0 |
| Voodoo Lounge | 7 | 910 | / | 210 |
| Great Hall | 3 | 1155 | / | 555 |
| Barracks | 2 | 360 | / | 100 |
| Stronghold | 1 | 315 | / | 190 |
| Fortress | 1 | 325 | / | 190 |
| total: | 99 | 12430g | / | 7525w |
| 0:02 | Peon |
| 0:02 | Peon |
| 0:05 | Altar of Storms |
| 0:19 | Orc Burrow |
| 0:24 | Peon |
| 0:34 | Peon |
| 0:51 | War Mill |
| 0:58 | Peon |
| 1:06 | Voodoo Lounge |
| 1:13 | Peon |
| 1:27 | Peon |
| 1:37 | Orc Burrow |
| 1:46 | Peon |
| 2:08 | Peon |
| 2:14 | Healing Salve |
| 2:17 | Wind Walk |
| 2:22 | Watch Tower |
| 2:27 | Peon |
| 2:35 | Watch Tower |
| 2:48 | Peon |
| 2:49 | Peon |
| 3:06 | Watch Tower |
| 3:24 | Watch Tower |
| 3:53 | Critical Strike |
| 4:05 | Peon |
| 4:10 | Peon |
| 4:13 | Watch Tower |
| 4:18 | Watch Tower |
| 4:28 | Watch Tower |
| 4:32 | Healing Salve |
| 4:37 | Stronghold |
| 4:45 | Spiked Barricades |
| 5:17 | Watch Tower |
| 5:42 | Watch Tower |
| 5:53 | Watch Tower |
| 6:25 | Watch Tower |
| 6:49 | Watch Tower |
| 6:59 | Watch Tower |
| 7:05 | Wind Walk |
| 7:41 | Watch Tower |
| 7:43 | Improved Spiked Barricades |
| 7:43 | Reinforced Defenses |
| 7:57 | Watch Tower |
| 8:13 | Hex |
| 8:20 | Peon |
| 8:20 | Peon |
| 8:30 | Great Hall |
| 8:49 | Boots of Speed |
| 8:49 | Staff of Teleportation |
| 8:59 | Watch Tower |
| 9:04 | Voodoo Lounge |
| 9:10 | Watch Tower |
| 9:18 | Watch Tower |
| 9:44 | Fortress |
| 10:06 | Watch Tower |
| 10:07 | Watch Tower |
| 10:10 | Watch Tower |
| 10:17 | Watch Tower |
| 10:52 | Watch Tower |
| 11:11 | Watch Tower |
| 11:19 | Orc Burrow |
| 11:34 | Watch Tower |
| 12:04 | Healing Wave |
| 12:42 | Critical Strike |
| 13:11 | Watch Tower |
| 13:12 | Watch Tower |
| 13:15 | Altar of Storms |
| 13:25 | Watch Tower |
| 13:38 | Goblin Shredder |
| 13:46 | Peon |
| 13:46 | Peon |
| 13:46 | Peon |
| 13:46 | Peon |
| 14:04 | Watch Tower |
| 14:07 | Watch Tower |
| 14:35 | Watch Tower |
| 14:37 | Watch Tower |
| 14:39 | Watch Tower |
| 14:46 | Boots of Speed |
| 14:46 | Staff of Teleportation |
| 15:07 | Frost Arrows |
| 15:19 | Watch Tower |
| 15:22 | Watch Tower |
| 16:07 | Khadgar's Pipe of Insight |
| 16:18 | Watch Tower |
| 16:30 | Watch Tower |
| 16:32 | Watch Tower |
| 16:33 | Watch Tower |
| 16:37 | Watch Tower |
| 16:38 | Watch Tower |
| 16:40 | Orb of Lightning |
| 16:41 | Healing Salve |
| 17:06 | Boots of Speed |
| 17:43 | Watch Tower |
| 17:45 | Watch Tower |
| 17:51 | Watch Tower |
| 18:43 | Staff of Sanctuary |
| 18:49 | Staff of Sanctuary |
| 18:58 | Staff of Sanctuary |
| 19:04 | Watch Tower |
| 19:05 | Watch Tower |
| 19:08 | Watch Tower |
| 19:25 | Watch Tower |
| 19:34 | Watch Tower |
| 19:54 | Healing Wave |
| 20:22 | Watch Tower |
| 20:24 | Watch Tower |
| 20:59 | Staff of Teleportation |
| 21:15 | Watch Tower |
| 21:17 | Forked Lightning |
| 21:28 | Wind Walk |
| 22:05 | Watch Tower |
| 22:09 | Watch Tower |
| 22:10 | Watch Tower |
| 22:13 | Watch Tower |
| 22:28 | Goblin Zeppelin |
| 22:35 | Orc Burrow |
| 22:58 | Voodoo Lounge |
| 23:07 | Hex |
| 23:20 | Watch Tower |
| 23:40 | Watch Tower |
| 24:03 | Watch Tower |
| 24:06 | Watch Tower |
| 24:32 | Watch Tower |
| 24:51 | Watch Tower |
| 26:01 | Watch Tower |
| 26:13 | Barracks |
| 26:16 | Barracks |
| 26:24 | Voodoo Lounge |
| 26:26 | Watch Tower |
| 27:26 | Great Hall |
| 28:03 | Burning Oil |
| 28:10 | Voodoo Lounge |
| 28:16 | Watch Tower |
| 28:18 | Watch Tower |
| 28:26 | Watch Tower |
| 28:41 | Watch Tower |
| 29:46 | Watch Tower |
| 29:48 | Watch Tower |
| 29:53 | Watch Tower |
| 29:57 | Watch Tower |
| 30:20 | Watch Tower |
| 30:59 | Watch Tower |
| 31:02 | Watch Tower |
| 31:09 | Watch Tower |
| 31:13 | Watch Tower |
| 31:34 | Watch Tower |
| 31:57 | Great Hall |
| 32:10 | Watch Tower |
| 32:27 | Voodoo Lounge |
| 32:31 | Voodoo Lounge |
| 32:56 | Watch Tower |
| Right click | 2008 |
| Select | 610 |
| Select group | 293 |
| Chat | 178 |
| Misc. action | 97 |
| Use ability | 91 |
| Build/train/purchase | 89 |
| Resource trade | 13 |
| Assign group | 8 |
| Minimap ping | 6 |
| Item give/drop | 5 |
| Remove unit | 2 |
| Esc | 1 |
175 units @ 26.5k
/ 3.8k
157 buildings @ 15.8k
/ 7.7k



| Peasant | 12 | 900 | / | 0 |
| Footman | 10 | 1350 | / | 0 |
| Rifleman | 8 | 1640 | / | 240 |
| Priest | 5 | 675 | / | 50 |
| Flying Machine | 1 | 100 | / | 30 |
| Mortar Team | 8 | 1440 | / | 560 |
| Spell Breaker | 1 | 215 | / | 30 |
| total: | 45 | 6320g | / | 910w |
| Altar of Kings | 1 | 180 | / | 50 |
| Barracks | 1 | 160 | / | 60 |
| Farm | 9 | 720 | / | 180 |
| Lumber Mill | 1 | 120 | / | 0 |
| Blacksmith | 1 | 140 | / | 60 |
| Arcane Vault | 1 | 130 | / | 30 |
| Town Hall | 1 | 385 | / | 205 |
| Arcane Sanctum | 1 | 150 | / | 140 |
| Workshop | 1 | 140 | / | 140 |
| Keep | 1 | 320 | / | 210 |
| Castle | 1 | 360 | / | 210 |
| total: | 17 | 2125g | / | 865w |
| 0:02 | Peasant |
| 0:06 | Altar of Kings |
| 0:07 | Peasant |
| 0:12 | Barracks |
| 0:22 | Peasant |
| 0:25 | Farm |
| 0:39 | Farm |
| 0:47 | Peasant |
| 0:58 | Peasant |
| 1:13 | Peasant |
| 1:18 | Footman |
| 1:23 | Peasant |
| 1:32 | Peasant |
| 1:43 | Footman |
| 1:53 | Farm |
| 2:08 | Summon Water Elemental |
| 2:19 | Footman |
| 2:35 | Lumber Mill |
| 2:45 | Footman |
| 3:23 | Footman |
| 3:41 | Footman |
| 3:45 | Keep |
| 4:08 | Improved Masonry |
| 4:13 | Blacksmith |
| 4:28 | Farm |
| 4:31 | Footman |
| 4:49 | Footman |
| 4:58 | Brilliance Aura |
| 5:21 | Arcane Vault |
| 5:25 | Footman |
| 5:28 | Iron Forged Swords |
| 5:36 | Farm |
| 5:51 | Rifleman |
| 6:09 | Black Gunpowder |
| 6:14 | Peasant |
| 6:29 | Long Rifles |
| 6:47 | Arcane Sanctum |
| 7:12 | Iron Plating |
| 7:25 | Rifleman |
| 7:45 | Peasant |
| 7:45 | Peasant |
| 7:53 | Farm |
| 8:01 | Priest |
| 8:33 | Town Hall |
| 8:44 | Priest |
| 8:59 | Improved Lumber Harvesting |
| 8:59 | Advanced Lumber Harvesting |
| 9:14 | Priest |
| 9:29 | Summon Water Elemental |
| 9:41 | Rifleman |
| 9:48 | Studded Leather Armor |
| 9:56 | Farm |
| 9:59 | Farm |
| 10:24 | Advanced Masonry |
| 10:32 | Priest Adept Training |
| 10:36 | Workshop |
| 11:15 | Castle |
| 11:37 | Steel Forged Swords |
| 11:56 | Rifleman |
| 12:16 | Rifleman |
| 12:37 | Footman |
| 12:39 | Priest |
| 12:43 | Flying Machine |
| 12:44 | Mortar Team |
| 13:00 | Peasant |
| 13:10 | Rifleman |
| 13:21 | Priest |
| 13:44 | Mithril Forged Swords |
| 13:49 | Fragmentation Shards |
| 13:51 | Flare |
| 14:36 | Mortar Team |
| 14:42 | Spell Breaker |
| 14:49 | Farm |
| 15:14 | Refined Gunpowder |
| 15:36 | Mortar Team |
| 16:12 | Brilliance Aura |
| 16:24 | Steel Plating |
| 16:37 | Thunder Clap |
| 16:48 | Mortar Team |
| 18:00 | Mortar Team |
| 18:43 | Imbued Gunpowder |
| 18:46 | Mortar Team |
| 19:14 | Mortar Team |
| 19:17 | Devotion Aura |
| 19:28 | Mortar Team |
| 19:58 | Rifleman |
| 20:12 | Rifleman |
| Right click | 361 |
| Select | 347 |
| Select group | 312 |
| Misc. action | 180 |
| Build/train/purchase | 102 |
| Assign group | 37 |
| Minimap ping | 21 |
| Chat | 14 |
| Use ability | 4 |
| Resource trade | 4 |
| Item give/drop | 1 |
| Remove unit | 1 |


| Peon | 20 | 1500 | / | 0 |
| Grunt | 5 | 1000 | / | 0 |
| Troll Headhunter | 6 | 840 | / | 120 |
| Spirit Walker | 1 | 195 | / | 35 |
| Demolisher | 2 | 440 | / | 100 |
| Tauren | 4 | 1120 | / | 320 |
| Troll Berserker | 1 | 140 | / | 20 |
| total: | 39 | 5235g | / | 595w |
| Watch Tower | 10 | 1100 | / | 800 |
| Altar of Storms | 1 | 180 | / | 50 |
| Orc Burrow | 7 | 1120 | / | 280 |
| Barracks | 2 | 360 | / | 100 |
| War Mill | 1 | 205 | / | 0 |
| Voodoo Lounge | 1 | 130 | / | 30 |
| Great Hall | 1 | 385 | / | 185 |
| Tauren Totem | 2 | 270 | / | 310 |
| Stronghold | 1 | 315 | / | 190 |
| Fortress | 1 | 325 | / | 190 |
| total: | 25 | 3750g | / | 1755w |
| 0:08 | Altar of Storms |
| 0:10 | Peon |
| 0:24 | Orc Burrow |
| 0:31 | Barracks |
| 0:38 | Peon |
| 0:38 | Peon |
| 0:57 | Peon |
| 1:09 | Peon |
| 1:30 | Peon |
| 1:46 | Grunt |
| 1:50 | Peon |
| 2:09 | Orc Burrow |
| 2:25 | Feral Spirit |
| 2:51 | Peon |
| 2:59 | War Mill |
| 3:03 | Grunt |
| 3:54 | Grunt |
| 3:59 | Barracks |
| 4:00 | Stronghold |
| 4:10 | Orc Burrow |
| 4:22 | Troll Headhunter |
| 4:47 | Steel Melee Weapons |
| 5:00 | Troll Headhunter |
| 5:03 | Chain Lighting |
| 5:27 | Orc Burrow |
| 5:31 | Troll Headhunter |
| 6:08 | Troll Headhunter |
| 6:32 | Watch Tower |
| 6:42 | Orc Burrow |
| 6:53 | Tauren Totem |
| 7:10 | Peon |
| 7:28 | Troll Headhunter |
| 7:48 | Feral Spirit |
| 8:21 | Healing Wave |
| 8:50 | Tauren Totem |
| 9:33 | Troll Headhunter |
| 9:41 | Thorium Melee Weapons |
| 9:48 | Troll Regeneration |
| 9:53 | Watch Tower |
| 9:55 | Watch Tower |
| 9:57 | Watch Tower |
| 10:02 | Watch Tower |
| 10:03 | Watch Tower |
| 10:07 | Watch Tower |
| 10:08 | Watch Tower |
| 10:27 | Spirit Walker |
| 10:30 | Fortress |
| 10:36 | Voodoo Lounge |
| 10:48 | Great Hall |
| 11:23 | Demolisher |
| 12:22 | Watch Tower |
| 12:26 | Watch Tower |
| 12:58 | Peon |
| 12:58 | Pillage |
| 13:38 | Far Sight |
| 14:02 | Burning Oil |
| 14:03 | Demolisher |
| 14:16 | Serpent Ward |
| 14:33 | Tauren |
| 14:40 | Peon |
| 14:40 | Peon |
| 14:41 | Peon |
| 14:46 | Orc Burrow |
| 15:00 | Orc Burrow |
| 15:52 | Berserker Upgrade |
| 15:52 | Berserker Strength |
| 18:02 | Troll Berserker |
| 18:55 | Peon |
| 18:55 | Peon |
| 18:56 | Peon |
| 18:56 | Peon |
| 18:56 | Peon |
| 19:00 | Peon |
| 19:01 | Peon |
| 19:06 | Tauren |
| 19:06 | Pulverize |
| 19:08 | Tauren |
| 19:08 | Tauren |
| 19:11 | Grunt |
| 19:12 | Grunt |
| Right click | 410 |
| Select | 246 |
| Select group | 219 |
| Misc. action | 76 |
| Build/train/purchase | 71 |
| Assign group | 15 |
| Use ability | 15 |
| Esc | 3 |


| Scroll of Regeneration | 2 | 200 |
| total: | 2 | 200g |
| Peasant | 14 | 1050 | / | 0 |
| Footman | 5 | 675 | / | 0 |
| Rifleman | 13 | 2665 | / | 390 |
| Knight | 4 | 980 | / | 240 |
| Gryphon Rider | 6 | 1680 | / | 420 |
| Goblin Shredder | 1 | 375 | / | 100 |
| Peon | 9 | 675 | / | 0 |
| total: | 52 | 8100g | / | 1150w |
| Scout Tower | 57 | 1710 | / | 1140 |
| Guard Tower | 11 | 770 | / | 550 |
| Arcane Tower | 5 | 350 | / | 250 |
| Barracks | 1 | 160 | / | 60 |
| Altar of Kings | 2 | 360 | / | 100 |
| Farm | 20 | 1600 | / | 400 |
| Blacksmith | 1 | 140 | / | 60 |
| Arcane Vault | 3 | 390 | / | 90 |
| Lumber Mill | 1 | 120 | / | 0 |
| Town Hall | 1 | 385 | / | 205 |
| Gryphon Aviary | 3 | 420 | / | 450 |
| Arcane Sanctum | 1 | 150 | / | 140 |
| Workshop | 8 | 1120 | / | 1120 |
| Keep | 1 | 320 | / | 210 |
| Castle | 2 | 720 | / | 420 |
| Great Hall | 3 | 1155 | / | 555 |
| total: | 101 | 7710g | / | 4320w |
| 0:07 | Barracks |
| 0:09 | Peasant |
| 0:09 | Peasant |
| 0:09 | Peasant |
| 0:15 | Altar of Kings |
| 0:18 | Altar of Kings |
| 0:28 | Farm |
| 1:02 | Peasant |
| 1:02 | Peasant |
| 1:10 | Footman |
| 1:27 | Farm |
| 2:10 | Farm |
| 2:15 | Footman |
| 2:16 | Footman |
| 2:19 | Summon Water Elemental |
| 2:49 | Peasant |
| 2:50 | Peasant |
| 2:50 | Peasant |
| 2:50 | Peasant |
| 3:12 | Blacksmith |
| 3:18 | Arcane Vault |
| 3:54 | Footman |
| 3:54 | Footman |
| 4:07 | Farm |
| 4:08 | Farm |
| 4:29 | Keep |
| 4:31 | Black Gunpowder |
| 4:31 | Studded Leather Armor |
| 4:39 | Farm |
| 5:17 | Brilliance Aura |
| 5:34 | Rifleman |
| 5:34 | Rifleman |
| 5:34 | Rifleman |
| 5:34 | Rifleman |
| 5:44 | Farm |
| 5:45 | Farm |
| 7:26 | Brilliance Aura |
| 7:35 | Farm |
| 7:39 | Lumber Mill |
| 7:55 | Arcane Vault |
| 8:00 | Refined Gunpowder |
| 8:01 | Reinforced Leather Armor |
| 8:04 | Peasant |
| 8:04 | Peasant |
| 8:04 | Peasant |
| 8:04 | Peasant |
| 8:05 | Peasant |
| 9:40 | Town Hall |
| 9:51 | Long Rifles |
| 9:51 | Rifleman |
| 9:51 | Rifleman |
| 9:52 | Rifleman |
| 9:52 | Rifleman |
| 9:52 | Rifleman |
| 9:58 | Farm |
| 10:25 | Scroll of Regeneration |
| 10:25 | Scroll of Regeneration |
| 10:40 | Farm |
| 10:42 | Farm |
| 10:43 | Farm |
| 11:02 | Castle |
| 11:47 | Blizzard |
| 11:52 | Goblin Shredder |
| 13:44 | Gryphon Aviary |
| 13:44 | Gryphon Aviary |
| 13:47 | Gryphon Aviary |
| 13:53 | Arcane Sanctum |
| 14:00 | Imbued Gunpowder |
| 14:01 | Dragonhide Armor |
| 14:03 | Rifleman |
| 14:03 | Rifleman |
| 14:03 | Rifleman |
| 14:06 | Knight |
| 14:06 | Knight |
| 14:06 | Knight |
| 14:09 | Knight |
| 14:09 | Rifleman |
| 15:25 | Brilliance Aura |
| 15:44 | Storm Hammers |
| 15:44 | Gryphon Rider |
| 15:44 | Gryphon Rider |
| 15:44 | Gryphon Rider |
| 16:27 | Scout Tower |
| 16:28 | Scout Tower |
| 16:29 | Scout Tower |
| 16:30 | Scout Tower |
| 16:32 | Scout Tower |
| 16:40 | Devotion Aura |
| 17:17 | Gryphon Rider |
| 17:18 | Gryphon Rider |
| 17:19 | Gryphon Rider |
| 17:20 | Cloud |
| 17:50 | Workshop |
| 17:51 | Workshop |
| 18:00 | Workshop |
| 18:01 | Workshop |
| 18:04 | Workshop |
| 18:55 | Workshop |
| 18:57 | Workshop |
| 18:59 | Workshop |
| 19:39 | Scout Tower |
| 19:40 | Scout Tower |
| 19:49 | Guard Tower |
| 19:51 | Arcane Tower |
| 19:53 | Arcane Tower |
| 21:58 | Scout Tower |
| 21:59 | Scout Tower |
| 22:00 | Scout Tower |
| 22:01 | Scout Tower |
| 22:03 | Scout Tower |
| 22:07 | Scout Tower |
| 22:08 | Scout Tower |
| 22:08 | Scout Tower |
| 22:09 | Scout Tower |
| 22:31 | Guard Tower |
| 22:32 | Arcane Tower |
| 22:36 | Farm |
| 22:37 | Farm |
| 22:38 | Farm |
| 22:40 | Farm |
| 22:41 | Farm |
| 22:42 | Farm |
| 22:58 | Scout Tower |
| 23:00 | Scout Tower |
| 23:02 | Scout Tower |
| 23:12 | Scout Tower |
| 23:12 | Scout Tower |
| 23:13 | Scout Tower |
| 23:14 | Scout Tower |
| 23:17 | Guard Tower |
| 23:26 | Scout Tower |
| 23:27 | Scout Tower |
| 23:28 | Scout Tower |
| 23:28 | Scout Tower |
| 23:31 | Scout Tower |
| 23:32 | Scout Tower |
| 23:32 | Scout Tower |
| 23:33 | Scout Tower |
| 23:37 | Arcane Tower |
| 23:40 | Guard Tower |
| 23:44 | Scout Tower |
| 23:46 | Scout Tower |
| 23:56 | Scout Tower |
| 24:05 | Scout Tower |
| 24:08 | Guard Tower |
| 24:28 | Arcane Tower |
| 24:30 | Guard Tower |
| 24:45 | Scout Tower |
| 24:46 | Scout Tower |
| 24:47 | Scout Tower |
| 25:08 | Guard Tower |
| 25:14 | Farm |
| 25:24 | Guard Tower |
| 25:35 | Scout Tower |
| 25:36 | Scout Tower |
| 25:37 | Scout Tower |
| 25:51 | Scout Tower |
| 25:51 | Scout Tower |
| 25:52 | Scout Tower |
| 25:57 | Scout Tower |
| 25:58 | Scout Tower |
| 26:26 | Guard Tower |
| 26:31 | Scout Tower |
| 26:32 | Scout Tower |
| 26:33 | Scout Tower |
| 26:34 | Scout Tower |
| 26:35 | Scout Tower |
| 26:37 | Scout Tower |
| 26:38 | Scout Tower |
| 26:39 | Scout Tower |
| 26:39 | Scout Tower |
| 26:40 | Scout Tower |
| 26:50 | Scout Tower |
| 26:59 | Guard Tower |
| 27:24 | Guard Tower |
| 28:28 | Arcane Vault |
| 29:22 | Great Hall |
| 30:05 | Peon |
| 30:05 | Peon |
| 30:05 | Peon |
| 30:06 | Peon |
| 30:07 | Peon |
| 30:40 | Peon |
| 31:12 | Great Hall |
| 31:17 | Great Hall |
| 31:50 | Peon |
| 31:50 | Peon |
| 31:50 | Peon |
| Right click | 824 |
| Select | 374 |
| Build/train/purchase | 104 |
| Select group | 77 |
| Assign group | 30 |
| Misc. action | 17 |
| Chat | 7 |
| Minimap ping | 5 |
| Item give/drop | 4 |
| Remove unit | 4 |
| Use ability | 1 |

| Orb of Lightning | 1 | 375 |
| total: | 1 | 375g |
| Peon | 7 | 525 | / | 0 |
| Grunt | 4 | 800 | / | 0 |
| Troll Batrider | 16 | 2560 | / | 640 |
| Raider | 4 | 720 | / | 160 |
| Wind Rider | 7 | 1855 | / | 280 |
| Goblin Shredder | 1 | 375 | / | 100 |
| total: | 39 | 6835g | / | 1180w |
| Altar of Storms | 1 | 180 | / | 50 |
| Orc Burrow | 8 | 1280 | / | 320 |
| Barracks | 1 | 180 | / | 50 |
| Voodoo Lounge | 1 | 130 | / | 30 |
| War Mill | 1 | 205 | / | 0 |
| Beastiary | 2 | 290 | / | 280 |
| Stronghold | 1 | 315 | / | 190 |
| Fortress | 1 | 325 | / | 190 |
| total: | 14 | 2265g | / | 730w |
| 0:04 | Peon |
| 0:04 | Peon |
| 0:06 | Altar of Storms |
| 0:10 | Orc Burrow |
| 0:30 | Peon |
| 0:45 | Barracks |
| 1:05 | Peon |
| 1:27 | Orc Burrow |
| 1:34 | Peon |
| 1:35 | Peon |
| 2:06 | Peon |
| 2:09 | Grunt |
| 2:14 | Mirror Image |
| 2:36 | Stronghold |
| 3:21 | Grunt |
| 3:22 | Grunt |
| 3:22 | Grunt |
| 3:32 | Voodoo Lounge |
| 4:18 | Orc Burrow |
| 4:21 | War Mill |
| 4:58 | Fortress |
| 5:03 | Beastiary |
| 5:33 | Wind Walk |
| 5:50 | Beastiary |
| 5:53 | Steel Ranged Weapons |
| 6:23 | Goblin Shredder |
| 6:47 | Orc Burrow |
| 7:04 | Mirror Image |
| 7:21 | Orc Burrow |
| 7:24 | Troll Batrider |
| 7:28 | Troll Batrider |
| 7:31 | Liquid Fire |
| 7:49 | Troll Batrider |
| 8:01 | Orc Burrow |
| 8:36 | Troll Batrider |
| 9:21 | Orc Burrow |
| 9:26 | Thorium Ranged Weapons |
| 9:28 | Steel Armor |
| 9:30 | Troll Batrider |
| 9:52 | Troll Batrider |
| 10:21 | Orc Burrow |
| 10:22 | Troll Batrider |
| 10:34 | Troll Batrider |
| 10:52 | Troll Batrider |
| 11:13 | Troll Batrider |
| 11:45 | Arcanite Ranged Weapons |
| 13:41 | Troll Batrider |
| 13:41 | Troll Batrider |
| 13:41 | Troll Batrider |
| 13:52 | Troll Batrider |
| 13:52 | Troll Batrider |
| 13:52 | Troll Batrider |
| 14:32 | Raider |
| 14:32 | Raider |
| 14:32 | Raider |
| 14:32 | Raider |
| 14:35 | Steel Melee Weapons |
| 14:40 | Pillage |
| 15:07 | Wind Rider |
| 15:09 | Envenomed Spears |
| 15:11 | Wind Rider |
| 15:11 | Wind Rider |
| 15:31 | Wind Rider |
| 16:55 | Thorium Armor |
| 16:57 | Wind Rider |
| 17:35 | Wind Rider |
| 17:42 | Wind Walk |
| 18:28 | Orb of Lightning |
| 19:56 | Wind Rider |
| Right click | 1026 |
| Select | 217 |
| Build/train/purchase | 77 |
| Misc. action | 11 |
| Resource trade | 9 |
| Chat | 7 |
| Select group | 5 |
| Assign group | 4 |
| Item give/drop | 3 |
| Use ability | 2 |
| Minimap ping | 2 |
⇛